 Dungeon Crawl Stone Soup version 0.24-a0-581-gc0fa6600bf (webtiles) character file.

Game seed: 8341825480607344171

3 Esekla the Skirmisher (level 1, 11/11 HPs)
             Began as a Vine Stalker Abyssal Knight on Aug 24, 2019.
             Was an Initiate of Lugonu.
             Got out of the dungeon alive.
             The game lasted 00:01:41 (301 turns).

Esekla the Skirmisher (Vine Stalker Abyssal Knight)  Turns: 301, Time: 00:01:42

Health: 11/11      AC:  3    Str: 14    XL:     1   Next: 50%
Magic:  3/3        EV: 11    Int: 12    God:    Lugonu [......]
Gold:   22         SH:  0    Dex: 13    Spells: 0/0 levels left

rFire    . . .     SeeInvis .   a - +1 falchion
rCold    . . .     Gourm    .   (no shield)
rNeg     . . .     Faith    .   b - +0 leather armour
rPois    .         Spirit   +   (no helmet)
rElec    .         Reflect  .   (no cloak)
rCorr    .         Harm     .   (no gloves)
MR       .....                  (no boots)
Stlth    +.........             (no amulet)
HPRegen  0.03/turn              (no ring)
MPRegen  0.08/turn              (no ring)

@: no status effects
A: fangs 2, magic shield, antimagic bite, no potion heal 3, rot immunity
a: Renounce Religion


You escaped.
You worshipped Lugonu.
Lugonu was noncommittal.
You were not hungry.

You visited 1 branch of the dungeon, and saw 1 of its levels.
You visited the Abyss 1 time.

You collected 22 gold pieces.

Inventory:

Hand Weapons
 a - a +1 falchion (weapon)
Armour
 b - a +0 leather armour (worn)
Scrolls
 e - a scroll of identify {unknown}
 f - a scroll of remove curse {unknown}
Potions
 d - 2 potions of ambrosia {unknown}
Comestibles
 c - a ration


   Skills:
 + Level 2.8 Fighting
 + Level 1.8 Long Blades
 + Level 1.6 Armour
 + Level 0.7 Dodging
 + Level 1.9 Invocations


You couldn't memorise any spells.
You didn't know any spells.
Your spell library was empty.

Dungeon Overview and Level Annotations

Branches:
Dungeon (1/15)

Altars:


Innate Abilities, Weirdness & Mutations

You have extremely sharp teeth.
When hurt, damage is shared between your health and your magic reserves.
Your bite disrupts and absorbs the magic of your enemies.
Potions cannot restore your health.
You are immune to rotting.


Message History

Lugonu accepts your kill.
Found 9 gold pieces.
You see here a bat corpse.
The dart slug barely misses you.
You hit the dart slug. Your bite misses the dart slug.
The dart slug is moderately wounded.
You slash the dart slug!
You kill the dart slug!
Lugonu accepts your kill.
You see here a dart slug corpse.
You now have 22 gold pieces (gained 9).
As you open the door, it creaks loudly!
There is an open door here.
You see here a bat corpse.
There is an open door here.
There is a staircase leading out of the dungeon here.
You start resting.
HP restored.
Are you sure you want to leave the Dungeon?
This will make you lose the game!
You have escaped!

##### ... ... ##≈≈≈##
..# #.# # ##≈≈P≈≈##..#
#.# . ##≈≈≈.≈≈≈##.#
#.# . #≈≈P.8.P≈≈#.#
#.# . #≈≈.....≈≈#.#
#.# . #≈.......≈8.##
#.# .
#≈P8.@.8P.'.†###'####.
#≈.......≈8#..........
#≈≈.....≈≈##.†........
#≈≈P.8.P≈≈##..........
##≈≈≈.≈≈≈###..........
##≈≈P≈≈##............
##≈≈≈##...#.##+####.
#####....#.. .
#######. .


There were no monsters in sight!

Vanquished Creatures
  A dart slug (D:1)
  A bat (D:1)
2 creatures vanquished.

Vanquished Creatures (others)
  4 starspawn tentacles (Abyss:2)
4 creatures vanquished.

Grand Total: 6 creatures vanquished

Notes
Turn   | Place    | Note
-------+----------+-------------------------------------------
     0 | Abyss:1  | Esekla the Vine Stalker Abyssal Knight began the quest for
                  | the Orb.
     0 | Abyss:1  | Reached XP level 1. HP: 11/11 MP: 3/3
    70 | Abyss:2  | Noticed a tentacled starspawn
   102 | Abyss:2  | Noticed a large abomination
   102 | Abyss:2  | Noticed a spatial maelstrom
   106 | Abyss:2  | Noticed a raiju
   111 | Abyss:2  | Noticed a spatial vortex
   111 | Abyss:2  | Noticed a spatial vortex
   111 | Abyss:2  | Noticed a spatial vortex
   111 | Abyss:2  | Noticed a spatial vortex
   111 | Abyss:2  | Noticed a spatial vortex
   112 | Abyss:2  | Noticed a spatial vortex
   113 | D:1      | Escaped the Abyss
   301 | D:$      | Got out of the dungeon alive.

Levels and vault maps discovered:
D:1:      lightli_arrival_statuegarden, layout_basic

Action                   || total
-------------------------++-------
Melee: Falchion          ||     2
Invok: Depart the Abyss  ||     1
Dodge: Dodged            ||     6
       Rpst.: Falchion   ||     2

Table legend:
 A = Non-vault XP
 B = Vault XP
 C = Vault XP percentage of total XP
 D = Non-vault monster count
 E = Vault monster count
 F = Vault count percentage of total count
                 A         B        C        D         E       F
            +---------+---------+-------+---------+---------+-------
      Total |       5 |       0 |   0.0 |       2 |       0 |   0.0
            +---------+---------+-------+---------+---------+-------
        D:1 |       5 |       0 |   0.0 |       2 |       0 |   0.0
            +---------+---------+-------+---------+---------+-------
